 Dungeon Crawl Stone Soup version 0.29.1-1-gd02db6906a (webtiles) character file.

Game seed: 5097651938803257468

38 hawla the Gusty (level 3, 0/26 HPs)
             Began as a Meteoran Air Elementalist on Oct 13, 2022.
             Constricted to death by a ball python zombie (1 damage)
             ... on level 2 of the Dungeon.
             The game lasted 00:02:28 (698 turns).

hawla the Gusty (Meteoran Air Elementalist)          Turns: 698, Time: 00:02:28

Health: 0/26       AC:  2    Str:  9    XL:     3   Next: 91%
Magic:  7/8        EV: 10    Int: 18    God:
Gold:   76         SH:  0    Dex: 15    Spells: 5/8 levels left

rFire   . . .      SeeInvis .   (no weapon)
rCold   . . .      Faith    .   (no shield)
rNeg    . . .      Spirit   .   a - +0 robe
rPois   .          Reflect  .   (no helmet)
rElec   .          Harm     .   (no cloak)
rCorr   .          Rampage  .   (no gloves)
Will    .....                   (no boots)
Stlth   +.........              (no amulet)
HPRegen 0.08/turn               (no ring)
MPRegen 0.11/turn               (no ring)

@: brilliant, glowing, constricted
A: sense surroundings 1, otherworldly, glowing, explore regen
a: no special abilities


You were on level 2 of the Dungeon.
You visited 1 branch of the dungeon, and saw 2 of its levels.

You collected 76 gold pieces.

Inventory:

Armour
 a - a +0 robe (worn)
Jewellery
 c - an amulet of the acrobat
Potions
 d - 2 potions of flight


   Skills:
 + Level 2.8 Dodging
 - Level 1.4 Stealth
 + Level 3.2 Spellcasting
 + Level 1.8 Conjurations
 + Level 4.5 Air Magic


You had 5 spell levels left.
You knew the following spells:

 Your Spells              Type           Power      Damage    Failure   Level
a - Shock                 Conj/Air       84%        1d8       4%          1
b - Static Discharge      Conj/Air       21%        3-6/arc   7%          2

Your spell library contained the following spells:

 Spells                   Type           Power      Damage    Failure   Level
 Swiftness                Air            28%        N/A       8%          3
 Airstrike                Air            14%        2d(2-18)  26%         4


Dungeon Overview and Level Annotations

Branches:
Dungeon (2/15) Zot: 501

Altars:


Innate Abilities, Weirdness & Mutations

You passively map a small area around you.
You are easily found by Zot.
You glow in the dark.
You regain HP and MP as you explore.


Message History

The rat bites you. The rat attacks as you move away! The rat misses you.
The ball python zombie misses you.
The ball python zombie closely misses you.
Casting: Shock (safe; 4% risk of failure)
Confirm with . or Enter, or press ? or * to list all spells.
The ball python zombie is struck by an arc of lightning.
The ball python zombie is severely damaged.
You are struck by an arc of lightning.
The rat is struck by an arc of lightning.
You kill the rat!
The lightning grounds out.
The ball python zombie bites you but does no damage.
The ball python zombie closely misses you.
Casting: Static Discharge (safe; 7% risk of failure)
Confirm with . or Enter, or press ? or * to list all spells.
The ball python zombie is struck by an arc of lightning.
You destroy the ball python zombie!
You are struck by an arc of lightning.
* * * LOW HITPOINT WARNING * * *
The goblin attacks as you move away! The goblin hits you with a +0 club.
* * * LOW HITPOINT WARNING * * *
A ball python zombie comes into view.
It was a potion of brilliance.
You feel clever all of a sudden. The goblin hits you with a +0 club.
* * * LOW HITPOINT WARNING * * *
Magic courses through your body. The goblin closely misses you.
Casting: Static Discharge (safe; 7% risk of failure)
Confirm with . or Enter, or press ? or * to list all spells.
Aiming: Shock (safe; 4% risk of failure)
Press: ? - help, Shift-Dir - straight line, f/p - worm
Aim: a worm (moderately wounded, 91% to hit)
You feel a surge of power!
The zap hits the goblin!
You kill the goblin!
The zap hits the worm!
The worm is severely wounded.
The ball python zombie closely misses you.
The ball python zombie grabs you. The ball python zombie constricts you.
You die...

.## #.#......# ##
#....#.### ###....#
* ** #.#### , #w# **
* #.# ### #.# #....
##.####.#####....#.
,.....!...w)@Z.8.8..
##.####.#####P...##
, #...* ...#
****#..... **###
##...## * ##.## * *
#.# , , * #.# * , ,,


You could see a worm and a ball python zombie.

Vanquished Creatures
  A gnoll (D:1)
  A dart slug (D:1)
  3 ball pythons (D:1)
  2 endoplasms
  3 goblins (D:2)
  3 hobgoblins
  2 jackals (D:1)
  A quokka (D:1)
  A ball python zombie (D:2)
  3 bats
  2 frilled lizards (D:1)
  3 kobolds (D:1)
  2 rats
27 creatures vanquished.

Notes
Turn   | Place    | Note
-------+----------+-------------------------------------------
     0 | D:1      | hawla the Meteoran Air Elementalist began the quest for the
                  | Orb.
     0 | D:1      | Reached XP level 1. HP: 14/14 MP: 5/5
   139 | D:1      | Reached XP level 2. HP: 13/20 MP: 3/6
   161 | D:1      | Reached skill level 4 in Air Magic
   161 | D:1      | Reached XP level 3. HP: 24/26 MP: 2/8
   170 | D:1      | Learned a level 2 spell: Static Discharge
   500 | D:1      | Glimpsed the power of Zot.
   696 | D:2      | HP: 1/26 [goblin/+0 club (1)]
   698 | D:2      | Constricted to death by a ball python zombie

Illustrated notes

Levels and vault maps discovered:
D:1:      sevenhm_arrival_forest_fort_small_4, layout_basic, patterned_corridor
D:2:      layout_loops_corners, hellmonk_ecumenical_altar_arch_garden,
          basic_altar, serial_undead, serial_undead_b, serial_undead_a,
          serial_undead_c, serial_undead_c, minmay_puff

Skill      XL: |  1  2 |
---------------+-------+-----
Spellcasting   | 3 |  3.2
Air Magic      | 4 |  4.5
Dodging        | |  2.8
Stealth        | |  1.4
Conjurations   | |  1.8

Action                   || total
-------------------------++-------
Melee: Unarmed           ||     7
 Cast: Shock             ||    39
       Static Discharge  ||    10
  Use: Potion            ||     2
       Scroll            ||     1
Armor: Robe              ||     4
Dodge: Dodged            ||    17
